 Dungeon Crawl Stone Soup version 0.20.0-8-g6b59dc7 (webtiles) character file.

1289 HeyBub the Cleaver (level 8, -25/105 HPs)
             Began as a Minotaur Berserker on May 30, 2017.
             Was a Priest of Trog.
             Annihilated by a white ugly thing (29 damage)
             ... on level 7 of the Dungeon.
             The game lasted 00:06:29 (4896 turns).

HeyBub the Cleaver (Minotaur Berserker)             Turns: 4896, Time: 00:06:30

Health: -25/105    AC: 10    Str: 30    XL:     8   Next: 30%
Magic:  6/6        EV: 14    Int:  4    God:    Trog [***...]
Gold:   351        SH:  0    Dex: 11    Spells: 7/7 levels left

rFire    . . .     SeeInvis .   y - +0 broad axe
rCold    . . .     Gourm    .   (no shield)
rNeg     . . .     Faith    .   o - +0 leather armour
rPois    .         Spirit   .   k - +0 hat
rElec    .         Reflect  .   v - +0 cloak
rCorr    .         Harm     .   B - +0 pair of gloves
MR       .....                  A - +2 pair of boots
Stlth    ..........             h - amulet of regeneration
Regen    0.7/turn               (no ring)
MPRegen  0.1/turn               (no ring)

@: berserking, very quick
A: retaliatory headbutt, horns 2, thin metallic scales 1, low mp 1, strong 1,
wild magic 1
a: Berserk, Trog's Hand, Burn Spellbooks, Renounce Religion


You were on level 7 of the Dungeon.
You worshipped Trog.
Trog was most pleased with you.
You were very hungry.

You visited 1 branch of the dungeon, and saw 7 of its levels.

You collected 351 gold pieces.

Inventory:

Hand Weapons
 y - a +0 broad axe (weapon)
Missiles
 x - 5 tomahawks (quivered)
Armour
 b - a +0 animal skin
 k - a +0 hat (worn)
 o - a +0 leather armour (worn)
 v - a +0 cloak (worn)
 A - a +2 pair of boots (worn)
 B - a +0 pair of gloves (worn)
Jewellery
 a - a +1 ring of protection {unknown}
 h - an amulet of regeneration (around neck)
Wands
 i - a wand of lightning (6/15)
 u - a wand of confusion (16/48)
 F - a wand of flame (24/48)
Scrolls
 e - 4 scrolls of identify {unknown}
 f - 4 scrolls of teleportation {unknown}
 g - 4 scrolls of remove curse {unknown}
 l - a scroll of magic mapping {unknown}
 m - a scroll of fear {unknown}
 n - a scroll of noise {unknown}
 p - 3 scrolls of recharging {unknown}
 r - a scroll of blinking {unknown}
 s - a scroll of random uselessness {unknown}
 w - a scroll of enchant weapon {unknown}
 C - a scroll of immolation {unknown}
 D - a scroll of amnesia {unknown}
 E - a scroll of holy word {unknown}
Potions
 j - 2 potions of magic
 t - a potion of flight
 z - a potion of agility {unknown}
Comestibles
 c - 6 bread rations
 d - 7 meat rations
 q - a royal jelly


   Skills:
 + Level 6.1 Fighting
 - Level 9.3 Axes
 + Level 3.3 Armour
 + Level 5.2 Dodging
 + Level 2.4 Stealth


You had 7 spell levels left.
You didn't know any spells.

Dungeon Overview and Level Annotations

Branches:
Dungeon (7/15)             Temple (0/1) D:4

Altars:
Ashenzari
Gozag
Makhleb
Uskayaw


Innate Abilities, Weirdness & Mutations

You reflexively headbutt those who attack you in melee.
You have a pair of horns on your head.
You are partially covered in thin metallic scales. (AC +2)
Your magical capacity is low. (-10% MP)
Your muscles are strong. (Str +2)
Your spells are a little harder to cast, but a little more powerful.


Message History

The white ugly thing trunk-slaps you! The white ugly thing freezes you!!
A white ugly thing is nearby!
You are too injured to fight recklessly!
You are too injured to fight recklessly!
A white ugly thing is nearby!
You are too injured to fight recklessly!
A white ugly thing is nearby!
You are too injured to fight recklessly!
You slash the white ugly thing!
The white ugly thing is moderately wounded.
The white ugly thing trunk-slaps you. The white ugly thing freezes you!
* * * LOW HITPOINT WARNING * * *
Okay, then.
A red film seems to cover your vision as you go berserk!
You feel yourself moving faster!
You feel mighty!
You are feeling very hungry.
The white ugly thing trunk-slaps you!
* * * LOW HITPOINT WARNING * * *
The white ugly thing freezes you!!
You die...

###.....##..#
##..........#.
#....###....#.
...### ###..#.#
..## ##..#..### ..#
#..##....# .##
##.).#....## .#
##....#..u..#
...####.....##..@.#
#...........##....#
............####..#
....###..####
##.### ....# ##.##
###....##. ..
#..####.......... .
##................
#....###....##...
#..### #..### .#


You could see a white ugly thing.

Vanquished Creatures
  Edmund (D:6)
  Duvessa (D:5)
  An orc warrior (D:6)
  A sky beast (D:5)
  An ogre (D:5)
  A phantom (D:6)
  2 bullfrogs
  Dowan (D:5)
  A howler monkey (D:3)
  A crimson imp (D:5)
  A hound (D:6)
  A jelly (D:7)
  2 orc wizards (D:4)
  5 worker ants
  A killer bee zombie (D:6)
  2 worker ant zombies (D:6)
  3 gnolls (D:4)
  3 adders
  2 oozes (D:1)
  An adder skeleton (D:6)
  4 worms (D:2)
  5 leopard geckos
  9 orcs
  9 giant cockroaches
  7 hobgoblins
  4 jackals (D:3)
  4 kobolds
  2 quokkas (D:5)
  5 ball pythons
  5 bats (D:1)
  5 frilled lizards
  6 goblins
  A jackal skeleton (D:4)
  A leopard gecko skeleton (D:4)
  7 rats
106 creatures vanquished.

Notes
Turn   | Place    | Note
-------+----------+-------------------------------------------
     0 | D:1      | HeyBub the Minotaur Berserker began the quest for the Orb.
     0 | D:1      | Reached XP level 1. HP: 19/19 MP: 0/0
   160 | D:1      | Reached XP level 2. HP: 18/27 MP: 1/1
   162 | D:1      | Reached skill level 4 in Axes
   651 | D:1      | Reached XP level 3. HP: 30/33 MP: 2/2
   844 | D:1      | You fall through a shaft!
   964 | D:2      | Found a burning altar of Makhleb.
  1161 | D:2      | Reached ** piety under Trog
  1812 | D:3      | Reached XP level 4. HP: 40/40 MP: 3/3
  1825 | D:3      | Reached skill level 5 in Axes
  1872 | D:3      | Found a faded altar of an unknown god.
  1954 | D:3      | Found an opulent altar of Gozag.
  2191 | D:3      | Reached XP level 5. HP: 47/47 MP: 4/4
  2657 | D:4      | Found a shattered altar of Ashenzari.
  2668 | D:4      | Reached skill level 6 in Axes
  2809 | D:4      | Gained mutation: Your magical capacity is low. (-10% MP) [potion of mutation]
  2809 | D:4      | Gained mutation: Your muscles are strong. (Str +2) [potion of mutation]
  2809 | D:4      | Gained mutation: You are partially covered in thin metallic scales. (AC +2) [potion of mutation]
  2809 | D:4      | Gained mutation: Your spells are a little harder to cast, but a little more powerful. [potion of mutation]
  2951 | D:4      | Found a staircase to the Ecumenical Temple.
  3171 | D:4      | Reached *** piety under Trog
  3220 | D:4      | Reached XP level 6. HP: 55/55 MP: 4/4
  3543 | D:5      | Entered Level 5 of the Dungeon
  3583 | D:5      | Noticed Duvessa
  3585 | D:5      | Noticed Dowan
  3596 | D:5      | Killed Duvessa
  3596 | D:5      | Reached skill level 5 in Fighting
  3596 | D:5      | Reached skill level 1 in Stealth
  3599 | D:5      | Reached skill level 7 in Axes
  3600 | D:5      | Killed Dowan
  3714 | D:5      | Reached XP level 7. HP: 61/61 MP: 5/5
  3810 | D:5      | Reached skill level 8 in Axes
  3886 | D:5      | Found a hide-covered altar of Uskayaw.
  4050 | D:6      | Noticed Edmund
  4064 | D:6      | Killed Edmund
  4064 | D:6      | Reached skill level 9 in Axes
  4064 | D:6      | Reached XP level 8. HP: 12/69 MP: 6/6
  4847 | D:7      | Reached skill level 5 in Dodging
  4888 | D:7      | Noticed a white ugly thing
  4896 | D:7      | HP: 4/105 [white ugly thing (15)]
  4896 | D:7      | Annihilated by a white ugly thing

Skill      XL: |  1  2  3  4  5  6  7  8 |
---------------+-------------------------+-----
Fighting       | 4 5 6 |  6.1
Axes           | 4 5 6 7 9 |  9.3
Dodging        | 3 4 5 |  5.2
Stealth        | 1 2 |  2.4
Armour         | 3 |  3.3

Action                   |  1- 3 |  4- 6 |  7- 9 || total
-------------------------+-------+-------+-------++-------
Melee: Hand axe          |    91 |   103 |    71 ||   265
       Headbutt          |    17 |    17 |    16 ||    50
       Broad axe         |       |       |    20 ||    20
Invok: Berserk           |     1 |     2 |     3 ||     6
  Use: Potion            |       |     8 |       ||     8
 Stab: Sleeping          |     2 |     1 |     1 ||     4
  Eat: Chunk             |     3 |     5 |     5 ||    13
       Royal jelly       |       |     2 |       ||     2
Armor: Animal skin       |    16 |    13 |       ||    29
       Skin              |       |     1 |       ||     1
       Leather armour    |       |     5 |    21 ||    26
Dodge: Dodged            |    48 |    80 |    53 ||   181
